TOP OF THE 1ST |
Williston Water Wolves batting - Pitching for Medicine Hat Blue Jays : RHP Darrel Akerfelds
|
Pitching: RHP Darrel Akerfelds
|
|
Batting: RHB Gil Marquez
|
0-0: Called Strike 0-1: SINGLE (Line Drive, 7S, EV 101.3 MPH)
|
Batting: RHB Robby Thompson
|
0-0: Ball 1-0: Grounds into double play, 6-4-3 (Groundball, 6, EV 110.6 MPH)
|
Batting: RHB Pat Jelks
|
0-0: Ball 1-0: Called Strike 1-1: Ball 2-1: Called Strike 2-2: Foul Ball, location: 2F 2-2: Ball 3-2: Base on Balls
|
Batting: RHB Tom Pagnozzi
|
0-0: Ball 1-0: Ball 2-0: Fielders Choice at 2nd, 6-4 (Groundball, 6, EV 88.1 MPH)
|
Top of the 1st over - 0 runs, 1 hit, 0 errors, 1 left on base; Williston 0 - Medicine Hat 0 |
BOTTOM OF THE 1ST |
Medicine Hat Blue Jays batting - Pitching for Williston Water Wolves : LHP Steven Sitek
|
Pitching: LHP Steven Sitek
|
|
Batting: SHB Manuel DelRosario
|
0-0: Ball 1-0: SINGLE (Groundball, 23, EV 70.0 MPH) (infield hit)
|
Batting: RHB Burt Milley
|
0-0: Ball Manuel DelRosario is caught stealing 2nd base 2-4 1-0: Ball 2-0: Called Strike 2-1: Foul Ball, location: 2F 2-2: Foul Ball, location: 2F 2-2: Ground out 6-3 (Groundball, 6, EV 107.5 MPH)
|
Batting: RHB Greg Legg
|
0-0: Ball 1-0: Ball 2-0: Fly out, F9 (Flyball, 89S, EV 76.9 MPH)
|
Bottom of the 1st over - 0 runs, 1 hit, 0 errors, 0 left on base; Williston 0 - Medicine Hat 0 |
TOP OF THE 2ND |
Williston Water Wolves batting - Pitching for Medicine Hat Blue Jays : RHP Darrel Akerfelds
|
Batting: SHB Devon White
|
0-0: Ball 1-0: Fly out, F8 (Flyball, 8RM, EV 80.0 MPH)
|
Batting: RHB Paul Noce
|
0-0: Foul Ball, location: 2F 0-1: Ball 1-1: Swinging Strike 1-2: Strikes out swinging
|
Batting: RHB Jeff Hamilton
|
0-0: Ball 1-0: Ball 2-0: Foul Ball, location: 2F 2-1: Fly out, F9 (Flyball, 9LD, EV 98.1 MPH)
|
Top of the 2nd over - 0 runs, 0 hits, 0 errors, 0 left on base; Williston 0 - Medicine Hat 0 |
BOTTOM OF THE 2ND |
Medicine Hat Blue Jays batting - Pitching for Williston Water Wolves : LHP Steven Sitek
|
Batting: LHB Tom Reynolds
|
0-0: SOLO HOME RUN (Flyball, 9LD, EV 103.8 MPH), Distance : 361 ft
|
Batting: LHB Alberto Chino
|
0-0: Ball 1-0: Foul Ball, location: 2F 1-1: Fly out, F6 (Popup, 6MS, EV 75.6 MPH)
|
Batting: RHB Terence Shoebridge
|
0-0: Ground out 5-3 (Groundball, 56, EV 85.6 MPH)
|
Batting: LHB Kevin Bates
|
0-0: Called Strike 0-1: Called Strike 0-2: Fly out, F8 (Flyball, 8LS, EV 88.8 MPH)
|
Bottom of the 2nd over - 1 run, 1 hit, 0 errors, 0 left on base; Williston 0 - Medicine Hat 1 |
TOP OF THE 3RD |
Williston Water Wolves batting - Pitching for Medicine Hat Blue Jays : RHP Darrel Akerfelds
|
Batting: RHB Tex Morgan
|
0-0: Ball 1-0: Fly out, F8 (Flyball, 8RD, EV 93.1 MPH)
|
Batting: RHB Mark Kaeterle
|
0-0: Called Strike 0-1: Ball 1-1: Swinging Strike 1-2: Strikes out swinging
|
Batting: RHB Gil Marquez
|
0-0: Ball 1-0: Fly out, F9 (Line Drive, 9, EV 84.4 MPH)
|
Top of the 3rd over - 0 runs, 0 hits, 0 errors, 0 left on base; Williston 0 - Medicine Hat 1 |
BOTTOM OF THE 3RD |
Medicine Hat Blue Jays batting - Pitching for Williston Water Wolves : LHP Steven Sitek
|
Batting: SHB Cordie Dillard
|
0-0: Ball 1-0: Reached on error, E3 (Groundball, 3, EV 101.9 MPH)
|
Batting: LHB Jose Gomez
|
0-0: Swinging Strike 0-1: Grounds into double play, 6-4-3 (Groundball, 56, EV 106.3 MPH)
|
Batting: SHB Manuel DelRosario
|
0-0: Ball 1-0: DOUBLE (Line Drive, 89M, EV 104.4 MPH)
|
Batting: RHB Burt Milley
|
0-0: Swinging Strike 0-1: Ball 1-1: Ground out 6-3 (Groundball, 6, EV 84.4 MPH)
|
Bottom of the 3rd over - 0 runs, 1 hit, 1 error, 1 left on base; Williston 0 - Medicine Hat 1 |
TOP OF THE 4TH |
Williston Water Wolves batting - Pitching for Medicine Hat Blue Jays : RHP Darrel Akerfelds
|
Batting: RHB Robby Thompson
|
0-0: Called Strike 0-1: Ball 1-1: Ball 2-1: Ball 3-1: Base on Balls
|
Batting: RHB Pat Jelks
|
0-0: Ball Robby Thompson is caught stealing 2nd base 2-4 1-0: Called Strike 1-1: Ball 2-1: Ground out 4-3 (Groundball, 4, EV 87.5 MPH)
|
Batting: RHB Tom Pagnozzi
|
0-0: Ball 1-0: Ground out 4-3 (Groundball, 34D, EV 85.6 MPH)
|
Top of the 4th over - 0 runs, 0 hits, 0 errors, 0 left on base; Williston 0 - Medicine Hat 1 |
BOTTOM OF THE 4TH |
Medicine Hat Blue Jays batting - Pitching for Williston Water Wolves : LHP Steven Sitek
|
Batting: RHB Greg Legg
|
0-0: Foul Ball, location: 2F 0-1: Ball 1-1: Swinging Strike 1-2: Fly out, F8 (Flyball, 8LD, EV 91.9 MPH)
|
Batting: LHB Tom Reynolds
|
0-0: Ball 1-0: Fly out, F8 (Line Drive, 8RM, EV 93.1 MPH)
|
Batting: LHB Alberto Chino
|
0-0: Called Strike 0-1: Foul Ball, location: 2F 0-2: Ball 1-2: Fly out, F7 (Flyball, 7S, EV 86.3 MPH)
|
Bottom of the 4th over - 0 runs, 0 hits, 0 errors, 0 left on base; Williston 0 - Medicine Hat 1 |
TOP OF THE 5TH |
Williston Water Wolves batting - Pitching for Medicine Hat Blue Jays : RHP Darrel Akerfelds
|
Batting: SHB Devon White
|
0-0: Ball 1-0: Ball 2-0: Ground out 5-3 (Groundball, 5, EV 83.8 MPH)
|
Batting: RHB Paul Noce
|
0-0: Ball 1-0: Foul Ball, location: 2F 1-1: Ground out 6-3 (Groundball, 56, EV 86.3 MPH)
|
Pitching: RHP Juan Aponte
|
|
Batting: RHB Jeff Hamilton
|
0-0: SINGLE (Line Drive, 6M, EV 95.6 MPH)
|
Batting: RHB Tex Morgan
|
0-0: Swinging Strike 0-1: Ball 1-1: Ball 2-1: Fly out, F9 (Flyball, 89M, EV 97.5 MPH)
|
Top of the 5th over - 0 runs, 1 hit, 0 errors, 1 left on base; Williston 0 - Medicine Hat 1 |
BOTTOM OF THE 5TH |
Medicine Hat Blue Jays batting - Pitching for Williston Water Wolves : LHP Steven Sitek
|
Batting: RHB Terence Shoebridge
|
0-0: Ball 1-0: Ball 2-0: Ball 3-0: Base on Balls
|
Batting: LHB Kevin Bates
|
0-0: Called Strike 0-1: Ball 1-1: Ball 2-1: Foul Ball, location: 2F 2-2: Ball 3-2: DOUBLE (Flyball, 78D, EV 95.0 MPH) Terence Shoebridge to third
|
Batting: SHB Cordie Dillard
|
0-0: Ball 1-0: Called Strike 1-1: Foul Ball, location: 2F 1-2: Foul Ball, location: 2F 1-2: Ball 2-2: SINGLE (Groundball, 56D, EV 100.6 MPH) Terence Shoebridge scores Kevin Bates to third
|
Batting: LHB Jose Gomez
|
0-0: Ball 1-0: SINGLE (Groundball, 6D, EV 101.9 MPH) Kevin Bates scores Cordie Dillard to second
|
Batting: SHB Manuel DelRosario
|
0-0: Ball 1-0: Ball 2-0: Swinging Strike 2-1: Foul Ball, location: 2F 2-2: Foul Ball, location: 2F 2-2: Ball 3-2: Base on Balls Cordie Dillard to third Jose Gomez to second
|
Batting: RHB Burt Milley
|
0-0: Called Strike 0-1: Fly out, F9 (Flyball, 89M, EV 82.5 MPH)
|
Batting: RHB Greg Legg
|
0-0: Fielders Choice at 2nd, 5-4 (Groundball, 56, EV 87.5 MPH) Cordie Dillard scores Jose Gomez to third
|
Batting: LHB Tom Reynolds
|
0-0: Called Strike 0-1: Ball 1-1: Foul Ball, location: 2F 1-2: Foul Ball, location: 2F 1-2: Ground out 4-3 (Groundball, 4, EV 105.6 MPH)
|
Bottom of the 5th over - 3 runs, 3 hits, 0 errors, 2 left on base; Williston 0 - Medicine Hat 4 |
TOP OF THE 6TH |
Williston Water Wolves batting - Pitching for Medicine Hat Blue Jays : RHP Juan Aponte
|
Batting: RHB Mark Kaeterle
|
0-0: Foul Ball, location: 2F 0-1: Swinging Strike 0-2: Foul Ball, location: 2F 0-2: Ball 1-2: Ball 2-2: Strikes out swinging
|
Batting: RHB Gil Marquez
|
0-0: Ball 1-0: Ball 2-0: Swinging Strike 2-1: Ground out 6-3 (Groundball, 6, EV 103.1 MPH)
|
Batting: RHB Robby Thompson
|
0-0: Called Strike 0-1: Ball 1-1: Swinging Strike 1-2: SINGLE (Line Drive, 6MD, EV 95.6 MPH)
|
Batting: RHB Pat Jelks
|
0-0: Called Strike 0-1: Fly out, F8 (Line Drive, 8LM, EV 88.1 MPH)
|
Top of the 6th over - 0 runs, 1 hit, 0 errors, 1 left on base; Williston 0 - Medicine Hat 4 |
BOTTOM OF THE 6TH |
Medicine Hat Blue Jays batting - Pitching for Williston Water Wolves : LHP Steven Sitek
|
Batting: LHB Alberto Chino
|
0-0: Foul Ball, location: 2F 0-1: Ball 1-1: Called Strike 1-2: Strikes out swinging
|
Batting: RHB Terence Shoebridge
|
0-0: Ball 1-0: Called Strike 1-1: Ball 2-1: Foul Ball, location: 2F 2-2: Ball 3-2: Base on Balls
|
Batting: LHB Kevin Bates
|
0-0: Ball 1-0: Called Strike 1-1: Foul Ball, location: 2F 1-2: Ball 2-2: Fly out, F9 (Line Drive, 9, EV 91.9 MPH)
|
Batting: SHB Cordie Dillard
|
0-0: Ball 1-0: Ball 2-0: Foul Ball, location: 2F 2-1: Ball 3-1: Called Strike 3-2: Fly out, F6 (Flyball, 6MD, EV 87.5 MPH)
|
Bottom of the 6th over - 0 runs, 0 hits, 0 errors, 1 left on base; Williston 0 - Medicine Hat 4 |
TOP OF THE 7TH |
Williston Water Wolves batting - Pitching for Medicine Hat Blue Jays : RHP Juan Aponte
|
Batting: RHB Tom Pagnozzi
|
0-0: Called Strike 0-1: Ground out 4-3 (Groundball, 4, EV 105.6 MPH)
|
Batting: SHB Devon White
|
0-0: Called Strike 0-1: Ball 1-1: Called Strike 1-2: Fly out, F6 (Popup, 6S, EV 83.8 MPH)
|
Batting: RHB Paul Noce
|
0-0: Ball 1-0: Foul Ball, location: 2F 1-1: Ball 2-1: SINGLE (Groundball, 56D, EV 97.5 MPH)
|
Batting: RHB Jeff Hamilton
|
0-0: Called Strike 0-1: Swinging Strike 0-2: Foul Ball, location: 2F 0-2: Strikes out swinging
|
Top of the 7th over - 0 runs, 1 hit, 0 errors, 1 left on base; Williston 0 - Medicine Hat 4 |
BOTTOM OF THE 7TH |
Medicine Hat Blue Jays batting - Pitching for Williston Water Wolves : LHP Steven Sitek
|
Batting: LHB Jose Gomez
|
0-0: Ball 1-0: Ball 2-0: Foul Ball, location: 2F 2-1: SINGLE (Groundball, 4MD, EV 96.3 MPH)
|
Batting: SHB Manuel DelRosario
|
0-0: SINGLE (Flyball, 7S, EV 87.5 MPH) Jose Gomez to second
|
Batting: RHB Burt Milley
|
0-0: Foul Ball, location: 2F 0-1: Called Strike 0-2: Strikes out swinging
|
Batting: RHB Greg Legg
|
0-0: Foul Ball, location: 2F 0-1: Ball 1-1: Ball 2-1: Called Strike 2-2: Strikes out swinging
|
Pitching: RHP Mark Kryka
|
|
Batting: LHB Tom Reynolds
|
0-0: Swinging Strike 0-1: Ball 1-1: SINGLE (Groundball, 34D, EV 95.0 MPH) Jose Gomez to third Manuel DelRosario to second Runner from 3rd tries for Home, SAFE, throw by RF to home
|
Batting: LHB Alberto Chino
|
0-0: Ball 1-0: Ball 2-0: Called Strike 2-1: Called Strike 2-2: SINGLE (Groundball, 34D, EV 103.1 MPH) Manuel DelRosario to third Tom Reynolds to second Runner from 3rd tries for Home, SAFE, throw by RF to home
|
Batting: RHB Terence Shoebridge
|
0-0: Fielders Choice at 2nd, U6 (Groundball, 6M, EV 100.0 MPH)
|
Bottom of the 7th over - 2 runs, 4 hits, 0 errors, 2 left on base; Williston 0 - Medicine Hat 6 |
TOP OF THE 8TH |
Williston Water Wolves batting - Pitching for Medicine Hat Blue Jays : RHP Juan Aponte
|
Batting: RHB Tex Morgan
|
0-0: Called Strike 0-1: Foul Ball, location: 2F 0-2: Ball 1-2: Strikes out swinging
|
Batting: RHB Mark Kaeterle
|
0-0: Fly out, F3 (Flyball, 3D, EV 71.9 MPH)
|
Batting: RHB Gil Marquez
|
0-0: Reached on error, E6 (Groundball, 6, EV 91.9 MPH)
|
Batting: RHB Robby Thompson
|
0-0: DOUBLE (Flyball, 78D, EV 100.6 MPH) Gil Marquez to third
|
Batting: RHB Pat Jelks
|
0-0: Ball 1-0: Called Strike 1-1: Ball 2-1: Ball 3-1: Base on Balls
|
Batting: RHB Tom Pagnozzi
|
0-0: Foul Ball, location: 2F 0-1: Fly out, F9 (Flyball, 9S, EV 83.1 MPH)
|
Top of the 8th over - 0 runs, 1 hit, 1 error, 3 left on base; Williston 0 - Medicine Hat 6 |
BOTTOM OF THE 8TH |
Medicine Hat Blue Jays batting - Pitching for Williston Water Wolves : RHP Mark Kryka
|
Batting: LHB Kevin Bates
|
0-0: Ball 1-0: Ball 2-0: Ball 3-0: Called Strike 3-1: Base on Balls
|
Batting: SHB Cordie Dillard
|
0-0: Ball 1-0: Foul Ball, location: 2F 1-1: Called Strike 1-2: Ball 2-2: Strikes out swinging
|
Batting: LHB Jose Gomez
|
0-0: Called Strike 0-1: Ball 1-1: Foul Ball, location: 2F 1-2: Ball 2-2: Ball 3-2: Base on Balls Kevin Bates to second
|
Batting: SHB Manuel DelRosario
|
0-0: Called Strike 0-1: Ball 1-1: Ball 2-1: Swinging Strike 2-2: Strikes out looking
|
Batting: RHB Burt Milley
|
0-0: Ball 1-0: Ball 2-0: Ground out 5-3 (Groundball, 56S, EV 71.9 MPH)
|
Bottom of the 8th over - 0 runs, 0 hits, 0 errors, 2 left on base; Williston 0 - Medicine Hat 6 |
TOP OF THE 9TH |
Williston Water Wolves batting - Pitching for Medicine Hat Blue Jays : RHP Juan Aponte
|
Pitching: RHP Mark Adams
|
|
Batting: SHB Devon White
|
0-0: Ball 1-0: Ball 2-0: Called Strike 2-1: Foul Ball, location: 2F 2-2: SINGLE (Groundball, 4MD, EV 105.6 MPH)
|
Batting: RHB Paul Noce
|
0-0: Ball 1-0: Foul Ball, location: 2F 1-1: Grounds into double play, 6-4-3 (Groundball, 6, EV 106.9 MPH)
|
Batting: RHB Jeff Hamilton
|
0-0: Called Strike 0-1: Ball 1-1: Ball 2-1: Ball 3-1: Base on Balls
|
Batting: RHB Tex Morgan
|
0-0: Ball 1-0: Foul Ball, location: 2F 1-1: Ball 2-1: Fielders Choice at 2nd, 6-4 (Groundball, 56, EV 79.4 MPH)
|
Top of the 9th over - 0 runs, 1 hit, 0 errors, 1 left on base; Williston 0 - Medicine Hat 6 |
|